 Dungeon Crawl Stone Soup version 0.30.1-11-g7821555f0a (webtiles) character file.

Game seed: 7431471241202536366

166 bearlyready the Changer (level 5, -3/37 HPs)
             Began as a Merfolk Transmuter on Oct 27, 2023.
             Slain by an orc
             ... wielding a +0 dagger of electrocution
              (9 damage)
             ... on level 3 of the Dungeon.
             The game lasted 00:03:34 (2634 turns).

bearlyready the Changer (Merfolk Transmuter)        Turns: 2634, Time: 00:03:34

Health: -3/37      AC:  2    Str: 10    XL:     5   Next: 47%
Magic:  5/8        EV: 20    Int: 15    God:
Gold:   132        SH:  0    Dex: 19    Spells: 2/8 levels left

rFire   . .          .
                       - Unarmed
rCold   . . .        (shield currently unavailable)
rNeg    . . .        a - melded +0 robe
rPois   x            n - melded +0 helmet
rElec   .            (cloak currently unavailable)
rCorr   .            d - melded +0 pair of gloves
SInv    .            (boots currently unavailable)
Will    .....        (no amulet)
Stlth   ++           (no ring)
HPRegen 0.26/turn    (no ring)
MPRegen 0.11/turn

%: no passive effects
@: spider-form
A: venomous fangs, tiny, (nimble swimmer 2), (mertail)
a: End Transformation


You were on level 3 of the Dungeon.
You were a venomous arachnid creature.
You visited 1 branch of the dungeon, and saw 3 of its levels.

You collected 132 gold pieces.

Inventory:

Armour
 a - a +0 robe (melded)
 d - a +0 pair of gloves (melded)
 e - an orb of energy
 n - a +0 helmet (melded)
Wands
 l - a wand of iceblast (6)
Scrolls
 f - 2 scrolls of poison {unknown}
 h - 2 scrolls of identify {unknown}
 j - a scroll of noise {unknown}
 m - a scroll of teleportation {unknown}
Potions
 b - a potion of lignification
 c - 2 potions of haste {unknown}
 g - a potion of might {unknown}
 i - a potion of flight {unknown}
 k - 2 potions of degeneration {unknown}
 o - 2 potions of berserk rage {unknown}


   Skills:
 - Level 1.1 Fighting
 - Level 2.6 Dodging
 + Level 4.9 Unarmed Combat
 - Level 2.0 Spellcasting
 + Level 5.1 Transmutations
 + Level 1.7 Poison Magic


You had 2 spell levels left.
You knew the following spells:

 Your Spells              Type           Power      Damage    Failure   Level
a - Beastly Appendage     Tmut           34%        N/A       10%         1
b - Wereblood             Tmut           17%        N/A       13%         2
c - Spider Form           Tmut/Pois      11%        N/A       34%         3

Your spell library contained the following spells:

 Spells                   Type           Power      Damage    Failure   Level
 Apportation              Tloc           2%         N/A       43%         1
 Freeze                   Ice            4%         1d3       43%         1
 Cigotuvi's Dreadful Rot  Necr/Pois/Air  6%         N/A       47%         2
 Ensorcelled Hibernation  Hex/Ice        2%         N/A       54%         2
 Ignite Poison            Fire/Tmut/Pois 8%         N/A       47%         3
 Frozen Ramparts          Ice            2%         1d1       75%         3
 Hailstorm                Conj/Ice       1%         3d3       75%         3
 Ice Form                 Ice/Tmut       9%         N/A       78%         4
 Alistair's Intoxication  Tmut/Pois      7%         N/A       94%         5
 Anguish                  Hex/Necr       0%         N/A       98%         4
 Freezing Cloud           Conj/Ice/Air   0%         6-21      100%        5


Dungeon Overview and Level Annotations

Branches:
Dungeon (3/15)

Altars:

Annotations:
D:3 2 transporters, rundlesten's ghost, weakling OpHW


Innate Abilities, Weirdness & Mutations

You are a venomous arachnid creature.
You have venomous fangs.
You are tiny and dextrous.
Your spellcasting is less reliable in this form.
Your armour is entirely melded.
You are incapable of wielding weapons or throwing items.
((You are very nimble when in or above water. (Stealth+, EV+, Speed+++)))
((Your lower body shifts to a powerful aquatic tail in water.))


Message History

The orc moves out of view.
The orc shouts!
You closely miss the orc priest. The orc priest barely misses you.
You closely miss the orc priest.
The orc priest calls down the wrath of Beogh upon you.
Beogh smites you!
There are monsters nearby!
Casting: Spider Form (quite dangerous; 19% risk of failure)
Confirm with . or Enter, or press ? or * to list all spells.
The spell is quite dangerous to miscast (19% risk of failure)!
Continue anyway?
You turn into a venomous arachnid creature.
Your +0 helmet melds into your body.
Your +0 pair of gloves melds into your body.
Your +0 robe melds into your body.
The orc priest misses you.
You hit the orc priest but do no damage.
The orc priest is poisoned.
The orc priest closely misses you.
You hit the orc priest.
The orc priest looks as sick as possible!
The orc priest is moderately wounded.
The orc priest hits you with a +0 dagger.
You barely miss the orc priest.
The orc priest is heavily wounded.
The orc priest invokes the aid of Beogh against you.
Pain shoots through your body!
You hit the orc priest but do no damage.
The orc priest looks as sick as possible!
The orc priest is heavily wounded.
You hit the orc priest but do no damage.
The orc priest looks as sick as possible!
The orc priest is severely wounded.
The orc priest calls down the wrath of Beogh upon you.
Pain shoots through your body!
* * * LOW HITPOINT WARNING * * *
You hit the orc priest.
You kill the orc priest!
You barely miss the orc.
The orc hits you with a +0 dagger of electrocution.
* * * LOW HITPOINT WARNING * * *
You are electrocuted!
You die...

#..#....'..##.
#..#.#.##..##.
#..#.#.##.##..
#..#.#.##.##..
#..#.#.##.#...
########..#.#.##.#...
..........#.#......#.
############.#.#.######.
......os.......#.# ##
.###########.###.# #.#
#.# #.# #.# #.# #.# ..#
#.# ### #.#


You could see an orc.

Vanquished Creatures
  2 orc priests (D:3)
  2 adders
  2 dart slugs
  7 orcs (D:3)
  4 ball pythons
  4 bats
  12 endoplasms
  3 giant cockroaches
  5 goblins
  7 hobgoblins
  3 jackals (D:2)
  3 quokkas
  6 frilled lizards
  8 kobolds
  6 rats
74 creatures vanquished.

Notes
Turn   | Place    | Note
-------+----------+-------------------------------------------
     0 | D:1      | bearlyready the Merfolk Transmuter began the quest for the
                  | Orb.
     0 | D:1      | Reached XP level 1. HP: 15/15 MP: 3/3
   145 | D:1      | Reached skill level 3 in Transmutations
   188 | D:1      | Reached XP level 2. HP: 16/21 MP: 5/5
   457 | D:1      | Reached XP level 3. HP: 21/26 MP: 6/6
   460 | D:1      | Learned a level 2 spell: Wereblood
  1088 | D:2      | Reached skill level 4 in Transmutations
  1302 | D:2      | Reached XP level 4. HP: 30/32 MP: 7/7
  1768 | D:3      | Learned a level 3 spell: Spider Form
  2010 | D:3      | Reached skill level 1 in Poison Magic
  2010 | D:3      | Reached XP level 5. HP: 22/37 MP: 4/8
  2012 | D:3      | Reached skill level 5 in Transmutations
  2078 | D:3      | Found a faded altar of an unknown god.
  2440 | D:3      | Found a transporter.
  2458 | D:3      | Found a transporter.
  2462 | D:3      | Noticed rundlesten's ghost (weakling OpHW)
  2634 | D:3      | Slain by an orc

Illustrated notes

Levels and vault maps discovered:
D:1:      mrwooster_arrival_statue_2, layout_basic
D:2:      layout_basic
D:3:      layout_basic, chequers_ecumenical_altar_island,
          gammafunk_ghost_abyssal_escape, minmay_misc_feat_x

Skill      XL: |  1  2  3  4  5 |
---------------+----------------+-----
Transmutations | 3 4 5 |  5.1
Unarmed Combat | 4 |  4.9
Poison Magic   | 1 |  1.7
Fighting       | |  1.1
Dodging        | |  2.6
Spellcasting   | |  2.0

Action                     |  1- 3 |  4- 6 || total
---------------------------+-------+-------++-------
  Melee: Unarmed           |   133 |   122 ||   255
         Punch             |     3 |     5 ||     8
         Headbutt          |     1 |     3 ||     4
   Cast: Beastly Appendage |     1 |     1 ||     2
         Spider Form       |       |     2 ||     2
         Wereblood         |       |     1 ||     1
   Stab: Sleeping          |     1 |     1 ||     2
 Armour: Robe              |    34 |    21 ||    55
  Dodge: Dodged            |    86 |    61 ||   147
